Map: Kairos Junction LE

Players

jheffe

  • Race: Terran Terran
  • League: Master
  • Spawn Location: 11:00

A.I. 2 (Very Hard) - Winner!

  • Race: Terran Terran
  • Spawn Location: 5:00

VOD

Have the link to the VOD?

Description

tvt

Time

  • Played on: Aug. 12, 2019, 9:09 p.m.
  • Length: 13:33
Show
View Real Time Build Order
Export as new Build Order

jheffe Terran 

Build Orders:  

Get SALT Encoding   

  12  0:01  SCV  
  13  0:13  SCV  
  14  0:17  Supply Depot  
  14  0:25  SCV  
  14  0:28  Refinery  
  15  0:39  SCV  
  16  0:45  Barracks  
  16  0:51  SCV  
  16  0:56  Refinery  
  17  1:03  SCV  
  18  1:15  SCV  
  19  1:32  Orbital Command, Reaper  
  20  1:43  Factory  
  20  1:50  Supply Depot  
  20  1:57  SCV  
  21  2:04  Reaper  
  22  2:12  SCV  
  23  2:27  SCV  
  23  2:28  Hellion  
  26  2:31  Command Center  
  26  2:42  Reaper  
  27  2:45  SCV  
  27  2:46  Supply Depot  
  27  2:50  Hellion  
  30  2:57  Starport, SCV  
  31  3:10  SCV  
  32  3:13  Factory Tech Lab  
  32  3:15  Barracks Reactor  
  32  3:22  SCV  
  33  3:29  Refinery  
  33  3:34  Cyclone, SCV  
  34  3:35  Starport Tech Lab  
  37  3:48  Orbital Command  
  37  3:53  Marine x2  
  39  3:56  SCV  
  39  4:00  Raven  
  42  4:04  Supply Depot  
  42  4:08  SCV  
  43  4:11  Marine x2  
  43  4:13  Siege Tank  
  43  4:14  SCV  
  49  4:20  SCV  
  50  4:26  SCV, Supply Depot  
  50  4:29  Marine  
  52  4:32  SCV  
  52  4:38  SCV  
  54  4:43  Raven  
  54  4:44  Marine, SCV  
  58  4:46  Marine  
  58  4:52  Siege Tank  
  62  4:53  SCV  
  62  4:54  Supply Depot  
  62  4:56  SCV  
  64  5:03  Command Center  
  64  5:06  SCV  
  65  5:08  SCV  
  66  5:18  SCV  
  68  5:23  SCV  
  68  5:30  SCV  
  68  5:33  Supply Depot  
  69  5:35  SCV  
  69  5:37  Viking  
  69  5:38  Viking  
  69  5:40  Stimpack  
  74  5:43  SCV  
  74  5:45  Supply Depot  
  74  5:47  Siege Tank  
  78  5:53  Refinery  
  78  5:54  SCV  
  78  5:55  Supply Depot  
  78  5:56  Engineering Bay, SCV  
  80  5:57  Engineering Bay  
  80  5:59  Marine  
  81  6:06  SCV  
  81  6:08  SCV  
  83  6:16  Supply Depot  
  83  6:18  Orbital Command  
  83  6:19  SCV  
  83  6:20  SCV  
  83  6:22  Barracks  
  83  6:23  Barracks  
  83  6:24  Terran Infantry Weapons Level 1  
  85  6:26  Terran Infantry Armor Level 1  
  85  6:31  SCV  
  85  6:32  SCV  
  87  6:40  Siege Tank  
  87  6:41  Viking  
  87  6:43  Viking  
  94  6:48  Orbital Command, SCV  
  94  6:49  SCV  
  96  6:58  Barracks  
  96  6:59  Barracks  
  96  7:00  SCV  
  96  7:01  SCV  
  98  7:11  Barracks Reactor x2  
  98  7:12  Siege Tank  
  98  7:13  SCV x2  
  98  7:14  SCV  
  104  7:18  Refinery  
  104  7:20  Refinery, Marine  
  102  7:23  Viking x2  
  102  7:25  SCV x2  
  102  7:26  SCV  
  109  7:37  Armory, SCV  
  109  7:38  Marine, SCV x2  
  109  7:42  Combat Shield  
  113  7:44  Siege Tank  
  113  7:49  SCV  
  113  7:50  SCV x2  
  119  7:51  Barracks Reactor x2  
  119  7:59  Marine x3  
  119  8:00  Marine x2  
  119  8:01  SCV  
  125  8:07  Command Center  
  125  8:09  Factory  
  125  8:21  Supply Depot  
  125  8:23  Sensor Tower, Supply Depot  
  125  8:28  Marine x5, Terran Infantry Weapons Level 2, Siege Tank  
  133  8:40  Terran Infantry Armor Level 2  
  133  8:42  Marine x3  
  133  8:43  Medivac x2  
  133  8:46  Marine x2  
  142  8:50  Missile Turret  
  142  8:51  Missile Turret, Marine x4  
  142  8:54  Factory Tech Lab  
  146  8:56  SCV  
  146  9:00  Terran Vehicle Weapons Level 1, Marine x2  
  149  9:03  Supply Depot  
  149  9:04  Supply Depot  
  149  9:11  Supply Depot  
  149  9:13  Supply Depot  
  149  9:18  Marine, Siege Tank x2  
  155  9:35  Marine  
  155  9:36  Marine x8  
  149  9:53  Marine x6, Siege Tank x2  
  149  9:54  Marine x3  
  164  10:01  Command Center  
  160  10:11  Marine x7  
  164  10:27  Marine x2  
  163  10:29  Marine x6  
  169  10:43  Planetary Fortress  
  169  10:54  Marine  
  169  10:55  Marine x6  
  169  10:56  Marine x2  
  178  11:14  Siege Tank x2  
  184  11:32  Refinery  
  184  11:33  Refinery, Medivac x2, Sensor Tower  
Show
View Real Time Build Order
Export as new Build Order

A.I. 2 (Very Hard) Terran - Winner!

Build Orders: 2 Factory 

Get SALT Encoding   

  12  0:00  SCV  
  13  0:13  SCV  
  14  0:19  Supply Depot  
  14  0:25  SCV  
  15  0:40  SCV  
  16  0:42  Barracks  
  16  0:52  SCV  
  17  1:04  SCV  
  18  1:16  SCV  
  18  1:17  Supply Depot  
  19  1:22  Refinery  
  19  1:29  Marine, SCV  
  21  1:41  SCV  
  22  1:47  Marine  
  22  1:49  Refinery  
  22  1:53  SCV  
  24  2:04  Marine  
  24  2:05  SCV  
  26  2:17  SCV  
  26  2:21  Factory  
  26  2:22  Marine  
  27  2:29  SCV  
  29  2:40  Marine  
  29  2:41  Factory, SCV  
  29  2:43  Supply Depot  
  31  2:53  Orbital Command  
  31  3:04  Factory Tech Lab  
  31  3:05  Marine  
  31  3:18  SCV  
  32  3:22  Marine, Command Center  
  32  3:25  Factory Tech Lab  
  33  3:31  SCV  
  34  3:40  Marine  
  35  3:43  SCV  
  36  3:50  Engineering Bay  
  36  3:55  SCV  
  37  4:07  SCV  
  38  4:12  Barracks  
  38  4:19  Missile Turret, SCV  
  38  4:20  Missile Turret  
  38  4:22  Supply Depot  
  39  4:39  Orbital Command, Starport, Siege Tank  
  39  4:42  SCV  
  43  4:53  Siege Tank  
  43  4:54  SCV  
  47  5:00  Marine  
  47  5:04  SCV  
  47  5:06  Barracks Tech Lab, SCV  
  50  5:16  Starport Tech Lab  
  50  5:18  Marine  
  51  5:23  Supply Depot  
  51  5:25  Marauder  
  53  5:36  Marine  
  53  5:38  Raven  
  56  5:45  Stimpack  
  56  5:46  Marauder  
  58  5:53  Barracks, Command Center  
  58  5:54  Marine  
  59  6:07  Marauder  
  61  6:14  Barracks Tech Lab, Supply Depot  
  61  6:19  Terran Infantry Weapons Level 1  
  61  6:21  Medivac  
  63  6:27  Engineering Bay  
  63  6:28  Marine  
  63  6:32  Marine  
  65  6:39  Supply Depot  
  65  6:40  Marine  
  65  6:46  Barracks, Marine, Combat Shield  
  67  6:50  Marauder  
  67  6:51  Medivac  
  71  6:58  Barracks Reactor  
  71  7:04  Marine  
  71  7:05  SCV  
  71  7:06  SCV x2  
  73  7:10  Terran Infantry Armor Level 1  
  73  7:11  Marine  
  73  7:13  Refinery  
  74  7:18  Orbital Command, SCV  
  74  7:19  SCV  
  74  7:22  Marauder  
  78  7:27  Missile Turret  
  80  7:30  Marauder  
  80  7:35  Missile Turret, SCV  
  81  7:37  SCV  
  81  7:44  Marauder  
  84  7:47  SCV  
  84  7:49  Medivac  
  89  7:51  Marauder  
  88  7:58  Concussive Shells  
  88  8:00  Supply Depot  
  88  8:05  Marauder  
  90  8:12  Refinery  
  90  8:16  Marine  
  90  8:17  Marine, Marauder  
  90  8:18  Marine  
  90  8:19  Medivac  
  97  8:25  Supply Depot  
  97  8:26  Marauder  
  99  8:34  Marine  
  99  8:39  Command Center  
  100  8:43  SCV  
  100  8:47  Marauder  
  103  8:53  Viking  
  105  9:00  Supply Depot  
  105  9:08  Marauder  
  107  9:12  Marauder  
  109  9:23  Viking  
  111  9:26  Armory  
  111  9:29  Marauder  
  113  9:34  Supply Depot  
  113  9:40  Marauder  
  110  9:46  Siege Tank  
  110  9:50  Siege Tank  
  110  9:51  Marine  
  110  9:52  Marine  
  78  9:53  Viking  
  78  9:54  Marine  
  78  9:56  Marine  
  76  10:01  Marine  
  76  10:05  SCV  
  68  10:08  SCV x2  
  68  10:09  Marine  
  68  10:10  Marine  
  52  10:15  Marine  
  52  10:16  Terran Infantry Weapons Level 2  
  52  10:18  SCV  
  52  10:20  Marauder  
  45  10:23  Marine  
  45  10:27  Marine, SCV  
  43  10:30  Marine  
  43  10:34  SCV  
  45  10:36  SCV  
  45  10:38  SCV  
  45  10:41  SCV  
  48  10:45  Marine  
  48  10:46  SCV  
  50  10:50  SCV  
  50  10:51  Marine  
  52  10:59  SCV  
  52  11:02  SCV  
  52  11:03  Marauder  
  56  11:10  SCV, Marauder  
  59  11:12  SCV  
  59  11:14  SCV  
  59  11:15  SCV  
  62  11:22  SCV  
  62  11:23  Marine  
  62  11:25  SCV, Marauder  
  66  11:28  SCV  
  66  11:30  SCV  
  69  11:34  SCV  
  69  11:37  Marauder  
  69  11:38  SCV  
  69  11:39  Marine  
  74  11:41  SCV  
  74  11:44  SCV  
  76  11:49  Marauder  
  76  11:50  SCV  
  76  11:51  SCV  
  76  11:53  SCV  
  81  11:56  SCV  
  81  11:59  Marauder  
  84  12:02  SCV  
  84  12:05  SCV, Siege Tank  
  84  12:07  SCV  
  84  12:08  SCV  
  91  12:10  Hellion  
  91  12:14  SCV  
  94  12:18  SCV  
  94  12:19  SCV  
  94  12:21  SCV  
  97  12:27  SCV  
  98  12:30  SCV  
  98  12:31  Siege Tank  
  98  12:32  SCV  
  98  12:33  SCV  
  98  12:34  Marine  
  98  12:36  Marine  
  98  12:37  Marine, Siege Tank  
  100  12:38  Marine  
  100  12:39  Marine, SCV  
  100  12:42  SCV  
Tags
 
League
Master
Matchup
TvT
Opening
2 Factory
Player
jheffe
Race
Terran
Spawn Locations
Cross Positions
Add a new tag
Caveats
  • Supply blocks, unpowered buildings, or Contaminate may cause inaccurate times.
  • Supply counts are checked every 10 seconds.